 Dungeon Crawl Stone Soup version 0.25.1-2-g60ff931df9 (webtiles) character file.

Game seed: 10527477033253140603

149 H0rd4k the Magician (level 5, 0/28 HPs)
             Began as a Deep Elf Wizard on Nov 11, 2020.
             Killed by nerve-wracking pain
             ... invoked by a shadow imp
              (6 damage)
             ... on level 4 of the Dungeon.
             The game lasted 00:06:46 (3097 turns).

H0rd4k the Magician (Deep Elf Wizard)               Turns: 3097, Time: 00:06:46

Health: 0/28       AC:  4    Str:  4    XL:     5   Next: 9%
Magic:  10/15      EV: 13    Int: 24    God:
Gold:   334        SH:  0    Dex: 13    Spells: 6/15 levels left

rFire    . . .     SeeInvis .   (no weapon)
rCold    . . .     Gourm    .   (no shield)
rNeg     . . .     Faith    .   a - +0 robe
rPois    .         Spirit   .   b - +0 hat
rElec    .         Reflect  .   l - +1 cloak
rCorr    .         Harm     .   (no gloves)
MR       .....                  (no boots)
Stlth    ++........             (no amulet)
HPRegen  0.09/turn              (no ring)
MPRegen  0.14/turn              (no ring)

@: no status effects
A: no striking features
a: no special abilities


You were on level 4 of the Dungeon.
You were very hungry.

You visited 1 branch of the dungeon, and saw 5 of its levels.
You also visited: Ossuary.

You collected 334 gold pieces.

Inventory:

Missiles
 g - 15 poisoned darts (quivered)
Armour
 a - a +0 robe (worn)
 b - a +0 hat (worn)
 l - a +1 cloak (worn)
Scrolls
 h - 2 scrolls of identify {unknown}
 k - 3 scrolls of amnesia {unknown}
 m - 2 scrolls of enchant armour {unknown}
Potions
 e - a potion of stabbing
 i - a potion of heal wounds
 j - a potion of flight {unknown}
 n - a potion of lignification {unknown}
Comestibles
 d - 3 rations


   Skills:
 + Level 2.8 Dodging
 + Level 2.7 Stealth
 + Level 5.9 Spellcasting
 + Level 2.9 Conjurations
   Level 1.1 Summonings
 + Level 1.1 Translocations
 * Level 1.0 Fire Magic
 + Level 1.1 Air Magic
 * Level 1.2 Poison Magic


You had 6 spell levels left.
You knew the following spells:

 Your Spells              Type           Power        Failure   Level  Hunger
a - Magic Dart            Conj           ###.         2%          1    None
b - Blink                 Tloc           N/A          8%          2    None
c - Conjure Flame         Conj/Fire      ###.....     11%         3    #......
d - Mephitic Cloud        Conj/Pois/Air  ###.....     12%         3    #......

Your spell library contained the following spells:

 Spells                   Type           Power        Failure   Level  Hunger
 Call Imp                 Summ           ##......     8%          2    None
 Slow                     Hex            #.......     12%         2    None


Dungeon Overview and Level Annotations

Branches:
Dungeon (5/15)            Ossuary (visited)
 Temple: D:4-7

Altars:
Dithmenos
Qazlal

Annotations:
D:2 Terence


Message History

The shadow imp is lightly wounded.
Casting: Magic Dart (safe; 2% risk of failure)
Confirm with . or Enter, or press ? or * to list all spells.
Aiming: Magic Dart (safe; 2% risk of failure)
Press: ? - help, Shift-Dir - straight line, f/p - shadow imp
Aim: a shadow imp (lightly wounded)
The magic dart hits the shadow imp.
The shadow imp is heavily wounded.
The shadow imp completely misses you.
You see here a +0 spear.
Casting: Magic Dart (safe; 2% risk of failure)
Confirm with . or Enter, or press ? or * to list all spells.
Aiming: Magic Dart (safe; 2% risk of failure)
Press: ? - help, Shift-Dir - straight line, f/p - shadow imp
Aim: a shadow imp (heavily wounded)
The magic dart hits the jackal.
You kill the jackal!
The shadow imp gestures at you. Pain shoots through your body!
You die...

##..# ..# ....# ...
.##.# #g# ###.#
#.#####.# #.#
#.......# #.#
#.####### #.# #.#
#.# ########.#
#.#########.5.@....#
#........#...#######
###.##.#.#.#.### #
#.##.#...#...# ..
#.##...#####.# #.
#.####...#...#
#......#.#.###
########.<.# #####


You could see a shadow imp.

Vanquished Creatures
  A centaur zombie (Ossuary)
  A big kobold zombie (Ossuary)
  2 mummies (Ossuary)
  An adder (D:2)
  A gnoll (D:4)
  An adder skeleton (D:4)
  A worm (D:2)
  2 dart slugs (D:1)
  4 leopard geckos
  2 giant cockroaches
  2 gnoll zombies (Ossuary)
  2 goblins (D:1)
  4 hobgoblins
  A jackal (D:4)
  A quokka (D:4)
  A ball python (D:1)
  3 bats
  5 frilled lizards
  A goblin zombie (Ossuary)
  4 hobgoblin zombies (Ossuary)
  6 kobolds
  5 orc zombies (Ossuary)
  A quokka skeleton (D:4)
  3 rats
55 creatures vanquished.

Vanquished Creatures (others)
  A plant (D:1)
1 creature vanquished.

Grand Total: 56 creatures vanquished

Notes
Turn   | Place    | Note
-------+----------+-------------------------------------------
     0 | D:1      | H0rd4k the Deep Elf Wizard began the quest for the Orb.
     0 | D:1      | Reached XP level 1. HP: 10/10 MP: 7/7
   279 | D:1      | Reached skill level 5 in Spellcasting
   279 | D:1      | Reached XP level 2. HP: 15/15 MP: 0/10
  1088 | D:2      | Found a stormy altar of Qazlal.
  1141 | D:2      | Reached XP level 3. HP: 19/19 MP: 9/12
  1145 | D:2      | Learned a level 2 spell: Blink
  1149 | D:2      | Learned a level 3 spell: Conjure Flame
  1153 | D:2      | Learned a level 3 spell: Mephitic Cloud
  1480 | D:2      | Found a shadowy altar of Dithmenos.
  1942 | D:2      | Noticed Terence
  2047 | D:4      | Reached skill level 1 in Air Magic
  2143 | D:4      | Found a sand-covered staircase.
  2148 | Ossuary  | Entered an ossuary
  2323 | Ossuary  | Reached XP level 4. HP: 23/24 MP: 0/13
  2568 | Ossuary  | Reached skill level 1 in Fire Magic
  2568 | Ossuary  | Reached skill level 1 in Poison Magic
  2821 | Ossuary  | Reached XP level 5. HP: 28/28 MP: 4/15
  3050 | D:5      | Entered Level 5 of the Dungeon
  3086 | D:5      | Noticed a centaur
  3097 | D:4      | Killed from afar by a shadow imp

Illustrated notes

Levels and vault maps discovered:
D:1:      lemuel_arrival_lava_pool, layout_rooms, lexackson_kobold_supper
D:2:      layout_basic, nicolae_qazlal_general_emergency, grunt_dithmenos_smoke,
          serial_bayou_crossing, uniq_terence
D:3:      layout_rooms, overflow_temple_1_default, serial_forest,
          infiniplex_forest_side_room, infiniplex_forest_clump_small,
          infiniplex_forest_straight_3, infiniplex_forest_join,
          infiniplex_forest_clump_small, infiniplex_forest_clump_medium,
          infiniplex_forest_end_2, infiniplex_forest_lined_3,
          chequers_ecumenical_altar_twisty, kennysheep_slug_shrine
D:4:      layout_loops_cross, nicolae_overflow_crystal_walls, first_ration,
          nicolae_ossuary_entry_monument, uniq_robin, uniq_purgy
D:5:      layout_loops_cross, makhleb_grotto_becter, kennysheep_mini,
          nicolae_overflow_hidden_temple, kennysheep_mini_moat, uniq_eustachio,
          uniq_duvessa

Skill      XL: |  1  2  3  4 |
---------------+-------------+-----
Spellcasting   | 5 |  5.9
Conjurations   | 2 |  2.9
Air Magic      | 1 |  1.1
Fire Magic     | 1 |  1.0
Poison Magic   | 1 |  1.2
Dodging        | |  2.8
Stealth        | |  2.7
Summonings     | |  1.1
Translocations | |  1.1

Action                   |  1- 3 |  4- 6 || total
-------------------------+-------+-------++-------
Melee: Unarmed           |     3 |       ||     3
 Cast: Magic Dart        |   129 |    71 ||   200
       Conjure Flame     |     2 |     1 ||     3
       Mephitic Cloud    |     1 |       ||     1
       Blink             |       |     1 ||     1
  Use: Potion            |     2 |       ||     2
       Scroll            |     1 |       ||     1
  Eat: Chunk             |     2 |       ||     2
       Ration            |     1 |       ||     1
Armor: Robe              |     1 |     5 ||     6
Dodge: Dodged            |    15 |    23 ||    38
